cohdb
Replays
Latest Replays
All Replays
Popular Replays
Top Player Replays
Match Explorer
How It Works
Community
CoH3 Stats
Reddit
Sign in to upload your games and track your stats! →
Sign in with Steam
Match 45295973
Unlisted
Match 45295973
Overview
Messages
Build Orders
End
Kettenkrad Recon Vehicle
Construct Infanterie Kompanie
MG 42 Machine Gun Team
Sniper
Grenadier Squad
Construct Panzergrenadier Kompanie
Panzergrenadier Squad
Medical Station
Panzergrenadier Officer Quarters
Pak 40 Anti-tank Gun Team
Panzergrenadier Squad
Selects Terror Battlegroup
Selects Contempt for the Weak
Construct Panzer Kompanie
Panzer IV Medium Tank
Selects Jericho Trumpet
Selects Heavy Gunnery
Pak 40 Anti-tank Gun Team
Panzer IV Medium Tank
Panzergrenadier Squad
Side Skirts
Selects V1 Rocket Strike
Panzer IV Medium Tank
Selects Defend the Fatherland
Repair Bunker
V1 Rocket Strike
MG 42 Bunker
Panzer Officer Quarters
Stoßtruppen Squad
MG 42 Bunker
Selects King Tiger Heavy Tank
Panzer IV Medium Tank
Panzer IV Medium Tank
V1 Rocket Strike
V1 Rocket Strike
Panzer IV Medium Tank
Codenames
Muse曹孟德
98ルカク.OF <3
Beast of Armageddon
znzlno1
Ellin
CPU - VERY EASY
도가도가랑께
0
0
Comments
sign in to comment!
No comments posted yet!